 Dungeon Crawl Stone Soup version 0.21-a0-225-g207ae17 (webtiles) character file.

44 Atlas the Sneak (level 3, 0/18 HPs)
             Began as a Vine Stalker Assassin on Aug 30, 2017.
             Succumbed to an adder's poison
             ... on level 2 of the Dungeon.
             The game lasted 00:01:46 (1160 turns).

Atlas the Sneak (Vine Stalker Assassin)             Turns: 1160, Time: 00:01:46

Health: 0/18       AC:  4    Str: 13    XL:     3   Next: 60%
Magic:  4/4        EV: 12    Int: 11    God:
Gold:   47         SH:  0    Dex: 16    Spells: 2/2 levels left

rFire    . . .     SeeInvis .   a - +2 dagger
rCold    . . .     Gourm    .   (no shield)
rNeg     . . .     Faith    .   c - +0 robe
rPois    .         Spirit   +   (no helmet)
rElec    .         Reflect  .   d - +0 cloak
rCorr    .         Harm     .   (no gloves)
MR       .....                  j - +0 pair of boots
Stlth    +++.......             (no amulet)
HPRegen  0.06/turn              (no ring)
MPRegen  0.09/turn              (no ring)

@: lethally poisoned (0 -> -4)
A: fangs 2, magic shield, antimagic bite, no potion heal 3, rot immunity
a: no special abilities


You were on level 2 of the Dungeon.
You were not hungry.

You visited 1 branch of the dungeon, and saw 2 of its levels.

You collected 47 gold pieces.

Inventory:

Hand Weapons
 a - a +2 dagger (weapon)
 b - a +0 blowgun
Missiles
 e - 8 poisoned needles
 f - 2 curare-tipped needles
Armour
 c - a +0 robe (worn)
 d - a +0 cloak (worn)
 j - a +0 pair of boots (worn)
 k - a +0 leather armour
Scrolls
 h - a scroll of enchant weapon {unknown}
 i - a scroll of enchant armour {unknown}
 m - 2 scrolls of identify {unknown}
Comestibles
 g - a bread ration
 l - 2 meat rations


   Skills:
 - Level 1.7 Fighting
 + Level 2.3 Short Blades
 + Level 2.0 Throwing
 + Level 1.1 Dodging
 + Level 5.7 Stealth


You had 2 spell levels left.
You didn't know any spells.

Dungeon Overview and Level Annotations

Branches:
Dungeon (2/15)

Altars:


Innate Abilities, Weirdness & Mutations

You have extremely sharp teeth.
When hurt, damage is shared between your health and your magic reserves.
Your bite disrupts and absorbs the magic of your enemies.
Potions cannot restore your health.
You are immune to rotting.


Message History

You feel sick.
You feel sick.
* * * LOW HITPOINT WARNING * * *
You feel sick.
* * * LOW HITPOINT WARNING * * *
You feel sick.
* * * LOW HITPOINT WARNING * * *
You feel sick.
You aren't carrying any potions.
You aren't carrying any potions.
You see here a leather armour.
k - a leather armour
* * * LOW HITPOINT WARNING * * *
You feel sick.
* * * LOW HITPOINT WARNING * * *
You feel sick.
* * * LOW HITPOINT WARNING * * *
You feel sick.
Found 3 scrolls labeled COUNAUHIQE.
You die...

.... #..# ...# #.?.
#..###############
#..#.......<....<#
#..#.#######.#####
#.@# #####.# #..#
...#.# #
#..#######.#.###.#
#................#
##.#######.#.......
#.# #........#
#.#######........#
#................#
##########.......#


There were no monsters in sight!

Vanquished Creatures
  An adder (D:2)
  A dart slug (D:1)
  2 leopard geckos (D:1)
  3 bats (D:1)
  2 giant cockroaches (D:1)
  3 goblins (D:1)
  6 hobgoblins (D:1)
  3 jackals (D:1)
  A kobold (D:1)
  A frilled lizard (D:1)
  4 rats (D:1)
27 creatures vanquished.

Notes
Turn   | Place    | Note
-------+----------+-------------------------------------------
     0 | D:1      | Atlas the Vine Stalker Assassin began the quest for the Orb.
     0 | D:1      | Reached XP level 1. HP: 11/11 MP: 2/2
    71 | D:1      | Reached skill level 5 in Stealth
   100 | D:1      | Reached XP level 2. HP: 13/15 MP: 3/3
   410 | D:1      | Reached skill level 1 in Dodging
   851 | D:1      | Reached XP level 3. HP: 18/18 MP: 4/4
  1160 | D:2      | Succumbed to an adder's poison

Vault maps used:
D:1:      minmay_arrival_glassed_features
D:2:      elyvilon_altar_5, uniq_terence

Skill      XL: |  1  2 |
---------------+-------+-----
Stealth        | 5 |  5.7
Throwing       | 2 |  2.0
Short Blades   | 2 |  2.3
Dodging        | 1 |  1.1
Fighting       | |  1.7

Action                   || total
-------------------------++-------
Melee: Dagger            ||    78
       Bite              ||    18
 Stab: Sleeping          ||    10
  Eat: Chunk             ||     1
Armor: Robe              ||    16
Dodge: Dodged            ||    43

Table legend:
 A = Spawn XP
 B = Non-spawn XP
 C = Spawn XP percentage of total XP
 D = Spawn monster count
 E = Non-spawn monster count
 F = Spawn count percentage of total count
 G = Total turns spent on level
                    A         B        C        D         E        F      G
               +---------+---------+-------+---------+---------+-------+---------
         Total |       5 |      58 |   7.9 |       3 |      24 |  11.1 |  1160
               +---------+---------+-------+---------+---------+-------+---------
           D:1 |       5 |      45 |  10.0 |       3 |      23 |  11.5 |  1110
           D:2 |       0 |      13 |   0.0 |       0 |       1 |   0.0 |    50
               +---------+---------+-------+---------+---------+-------+---------
